 Dungeon Crawl Stone Soup version 0.21-a0-142-gdd972a7 (webtiles) character file.

6855 AverageBear the Nimble (level 10, 0/54 HPs)
             Began as a Deep Elf Fighter on July 22, 2017.
             Was a Follower of Ashenzari.
             Killed from afar by Erica (17 damage)
             ... with a bolt of poison
             ... on level 9 of the Dungeon.
             The game lasted 00:16:37 (11419 turns).

AverageBear the Nimble (Deep Elf Fighter)          Turns: 11419, Time: 00:16:38

Health: 0/54       AC: 14    Str: 19    XL:     10   Next: 78%
Magic:  23/24      EV: 15    Int: 14    God:    Ashenzari [*.....]
Gold:   42         SH:  7    Dex: 14    Spells: 22/25 levels left

rFire    . . .     SeeInvis +   E - +1 dagger (venom)
rCold    + . .     Gourm    .   z - +2 buckler {rC+} (curse)
rNeg     . . .     Faith    .   b - +0 scale mail
rPois    .         Spirit   .   A - +1 hat
rElec    .         Reflect  .   i - +0 cloak
rCorr    .         Harm     .   (no gloves)
MR       +....                  c - +0 pair of boots
Stlth    ..........             (no amulet)
HPRegen  1.18/turn              x - +3 ring of strength
MPRegen  0.19/turn              y - ring of see invisible

@: lethally poisoned (0 -> -1), regenerating (expiring), slowed, very slow
A: claws 2, horns 1, slimy green scales 1, shaggy fur 1
a: Curse Item, Scrying, Renounce Religion


You were on level 9 of the Dungeon.
You worshipped Ashenzari.
Ashenzari was aware of your devotion.
You were not hungry.

You visited 2 branches of the dungeon, and saw 10 of its levels.
You also visited: Ossuary.

You collected 376 gold pieces.
You spent 334 gold pieces at shops.

Inventory:

Hand Weapons
 a - a +3 rapier
 E - a +1 dagger of venom (weapon)
Missiles
 e - 6 javelins of penetration
 l - 2 silver tomahawks (quivered)
 w - a throwing net
Armour
 b - a +0 scale mail (worn)
 c - a +0 pair of boots (worn)
 i - a +0 cloak (worn)
 u - a +0 leather armour of fire resistance
 z - a cursed +2 buckler of cold resistance (worn)
 A - a +1 hat (worn)
 C - the cursed +1 robe "Aniwinko" {*Contam +Blink rPois rN++}
   (You found it on level 9 of the Dungeon)

   It protects you from poison.
   It greatly protects you from negative energy.
   It lets you blink.
   It causes magical contamination when unequipped.
   It has a curse placed upon it.
Jewellery
 x - a +3 ring of strength (left claw)
 y - a ring of see invisible (right claw)
Wands
 n - a wand of polymorph (0/24)
Scrolls
 d - 5 scrolls of teleportation
 q - a scroll of amnesia
 s - 5 scrolls of remove curse
 t - a scroll of identify
 v - a scroll of recharging
 D - 2 scrolls of blinking
Potions
 h - 2 potions of curing
 j - 3 potions of magic
 o - a potion of invisibility
 p - a potion of cancellation
 r - a potion of flight
 G - a potion of might
 K - a potion of brilliance
Books
 F - a book of Cantrips

   Spells                             Type                      Level
   a - Confusing Touch                Hexes                        1
   b - Animate Skeleton               Necromancy                   1
   c - Summon Small Mammal            Summoning                    1
   d - Apportation                    Translocation                1
 I - a book of Callings

   Spells                             Type                      Level
   a - Summon Small Mammal            Summoning                    1
   b - Call Imp                       Summoning                    2
   c - Call Canine Familiar           Summoning                    3
   d - Summon Guardian Golem          Hexes/Summoning              3
   e - Summon Lightning Spire         Summoning/Air                4
   f - Summon Ice Beast               Ice/Summoning                4
 J - a book of Necromancy

   Spells                             Type                      Level
   a - Pain                           Necromancy                   1
   b - Animate Skeleton               Necromancy                   1
   c - Vampiric Draining              Necromancy                   3
   d - Regeneration                   Charms/Necromancy            3
   e - Animate Dead                   Necromancy                   4
   f - Control Undead                 Necromancy                   4
Comestibles
 f - 7 bread rations
 g - 5 royal jellies
 k - 9 fruits
 m - 5 meat rations
 B - 6 chunks of flesh


   Skills:
 - Level 2.4 Fighting
 - Level 8.2 Short Blades
 - Level 5.5 Armour
 - Level 9.1 Dodging
 - Level 5.2 Shields
 - Level 8.1 Spellcasting
 - Level 5.1 Charms
 + Level 6.8 Necromancy


You had 22 spell levels left.
You knew the following spells:

 Your Spells              Type           Power        Failure   Level  Hunger
a - Regeneration          Chrm/Necr      ###.......   9%          3    ##.....


Dungeon Overview and Level Annotations

Branches:
Dungeon (9/15)             Temple (1/1) D:5            Lair (0/6) D:8
    Orc: D:9-12

Altars:
Ashenzari
Cheibriados
Dithmenos
Elyvilon
Gozag
Hepliaklqana
Kikubaaqudgha
Makhleb
Nemelex Xobeh
Ru
Trog
Wu Jian
Yredelemnul
Zin
The Shining One

Shops:
D:6 [

Annotations:
D:8 2 exclusions
D:9 Erica; Grum; Webmant's ghost, novice DrTm


Innate Abilities, Weirdness & Mutations

You have very sharp fingernails.
You have a pair of small horns on your head.
You are partially covered in slimy green scales. (AC +2)
You are covered in fur. (AC +1)


Message History

You hit Erica but do no damage.
Erica looks as sick as possible!
You headbutt Erica.
Erica is heavily wounded.
Erica hits you with a scimitar of flaming!
Erica burns you.
* * * LOW HITPOINT WARNING * * *
You hit Erica but do no damage.
Erica looks as sick as possible!
Erica is severely wounded.
Okay, then.
You feel better. You block Erica's attack. Erica hits you but does no damage.
Okay, then.
Erica casts a spell at you. The orb of energy hits you!
* * * LOW HITPOINT WARNING * * *
The orb of energy explodes!
Your skin is crawling a little less now.
Erica points at you and mumbles some strange words.
The bolt of poison hits you!
You are poisoned.
You die...

...#### ## .#........#
#.........#
#.8.......#
#.........# #.8.
#..#.# #...###...#
#....# #..#
#...@####.##
####.....@....##
###..............#
##.................#
#..
#...................#
##..
#...................#
#..#
#................#....
#..#
#................##...
#..#
#................# #.


You could see Erica.

Vanquished Creatures
  2 two-headed ogres
  The ghost of Typerbomb the Cutter, a novice HuFi (D:5)
  Grinder (D:6)
  Prince Ribbit (D:6)
  A hippogriff (D:9)
  Eustachio (D:6)
  A steam dragon (D:9)
  5 yaks
  A hungry ghost (D:8)
  A porcupine (D:8)
  A black bear (D:8)
  A hornet zombie (D:6)
  A sky beast (D:9)
  4 ice beasts
  3 phantoms
  2 orc warriors
  2 wolves (D:8)
  4 ogres
  2 centaurs
  3 bullfrogs
  A scorpion (D:6)
  A water moccasin skeleton (D:6)
  4 wights (D:6)
  An electric eel (D:8)
  3 howler monkeys (D:7)
  3 crimson imps (D:8)
  2 orc priests
  2 centaur zombies
  A jelly (D:6)
  4 hounds
  An iron imp (D:4)
  3 centaur skeletons
  2 bullfrog skeletons (D:4)
  Natasha (thrice) (D:2)
  Terence (D:2)
  2 iguanas
  2 worker ants
  6 orc wizards
  2 mummies (Ossuary)
  A worker ant zombie (D:8)
  9 adders
  A shadow imp (D:6)
  3 white imps (D:8)
  A worker ant simulacrum (D:8)
  An ufetubus (D:8)
  A worm (D:1)
  An adder simulacrum (D:8)
  3 dart slugs (D:1)
  5 leopard geckos
  21 orcs
  6 giant cockroaches
  3 gnoll zombies (Ossuary)
  9 hobgoblins
  9 jackals
  8 kobolds
  3 quokkas
  5 bats
  3 frilled lizards
  3 gnoll skeletons (Ossuary)
  7 goblins
  2 goblin skeletons (Ossuary)
  3 goblin zombies
  A hobgoblin skeleton (Ossuary)
  4 hobgoblin zombies (Ossuary)
  A jackal skeleton (D:5)
  7 kobold skeletons (Ossuary)
  3 orc zombies (Ossuary)
  A quokka zombie (D:4)
  7 rats
  A rat skeleton (Ossuary)
  3 rat zombies (Ossuary)
218 creatures vanquished.

Vanquished Creatures (others)
  Menkaure (Ossuary)
  A mummy (Ossuary)
  An ooze (D:3)
  An adder skeleton (D:9)
  A gnoll skeleton (Ossuary)
  3 goblin skeletons (Ossuary)
  A goblin zombie (Ossuary)
  A hobgoblin zombie (Ossuary)
  3 kobold skeletons (Ossuary)
  4 kobold zombies (Ossuary)
  An orc skeleton (Ossuary)
  4 orc zombies (Ossuary)
  A quokka simulacrum (D:8)
  3 rat skeletons (Ossuary)
  4 fungi (D:8)
  A plant (D:8)
31 creatures vanquished.

Grand Total: 249 creatures vanquished

Notes
Turn   | Place    | Note
-------+----------+-------------------------------------------
     0 | D:1      | AverageBear the Deep Elf Fighter began the quest for the Orb.
     0 | D:1      | Reached XP level 1. HP: 13/13 MP: 3/3
   317 | D:1      | Reached XP level 2. HP: 13/18 MP: 4/4
   593 | D:1      | Reached XP level 3. HP: 21/22 MP: 5/5
   848 | D:2      | Noticed Natasha
   862 | D:2      | Killed Natasha
  1117 | D:2      | Noticed Terence
  1156 | D:2      | Killed Terence
  1156 | D:2      | Reached XP level 4. HP: 14/27 MP: 6/6
  1396 | D:2      | Noticed Natasha
  1402 | D:2      | Killed Natasha
  1402 | D:2      | Reached skill level 5 in Short Blades
  1746 | D:2      | Noticed Natasha
  1755 | D:2      | Killed Natasha
  1755 | D:2      | Reached XP level 5. HP: 31/31 MP: 7/7
  2076 | D:3      | Found a shadowy altar of Dithmenos.
  2248 | D:3      | Found a basalt altar of Yredelemnul.
  2250 | D:3      | Noticed a profane servitor
  2259 | D:3      | Found a glowing golden altar of the Shining One.
  2261 | D:3      | Noticed an angel
  2350 | D:3      | Reached XP level 6. HP: 34/36 MP: 8/8
  2674 | D:4      | Found a sand-covered staircase.
  2683 | Ossuary  | Entered an ossuary
  2954 | Ossuary  | Killed Menkaure
  3536 | D:4      | Found a burning altar of Makhleb.
  3969 | D:4      | HP: 1/36 [ogre/giant spiked club (16)]
  3974 | D:4      | HP: 2/54 [ogre/giant spiked club (14)]
  3975 | D:4      | Reached XP level 7. HP: 2/40 MP: 9/9
  4585 | D:4      | Reached skill level 1 in Dodging
  4768 | D:5      | Entered Level 5 of the Dungeon
  4845 | D:5      | Found a staircase to the Ecumenical Temple.
  4920 | Temple   | Entered the Ecumenical Temple
  4930 | Temple   | Became a worshipper of Ashenzari the Shackled
  5015 | D:5      | Noticed Typerbomb's ghost (novice HuFi)
  5027 | D:5      | Killed Typerbomb's ghost
  5027 | D:5      | Reached skill level 5 in Dodging
  5273 | D:5      | Found a sacrificial altar of Ru.
  5440 | D:6      | Reached skill level 6 in Dodging
  5440 | D:6      | Reached XP level 8. HP: 44/45 MP: 10/10
  5609 | D:6      | Noticed Grinder
  5669 | D:6      | Killed Grinder
  5669 | D:6      | Reached skill level 5 in Armour
  5692 | D:6      | Found an ancient bone altar of Kikubaaqudgha.
  5903 | D:6      | Found Jeapp's Armour Boutique.
  5935 | D:6      | Bought a +2 buckler of cold resistance for 236 gold pieces
  5946 | D:6      | Bought a +0 pair of boots for 49 gold pieces
  6163 | D:6      | Reached XP level 9. HP: 47/49 MP: 11/11
  6202 | D:6      | Noticed Eustachio
  6222 | D:6      | Killed Eustachio
  6567 | D:6      | Noticed Prince Ribbit
  6583 | D:6      | Killed Prince Ribbit
  6607 | D:6      | Reached skill level 5 in Shields
  7047 | D:7      | Reached skill level 7 in Dodging
  7960 | D:8      | Learned a level 3 spell: Regeneration
  8107 | D:8      | Noticed a two-headed ogre
  8266 | D:8      | Reached skill level 8 in Dodging
  8718 | D:8      | Found a hazy altar of Hepliaklqana.
  8839 | D:8      | Reached skill level 9 in Dodging
  8927 | D:6      | Bought a +0 cloak for 49 gold pieces
  9095 | D:8      | Reached skill level 1 in Spellcasting
  9484 | D:8      | Reached * piety under Ashenzari
  9517 | D:8      | Reached skill level 5 in Spellcasting
  9776 | D:8      | Killed a two-headed ogre
  9776 | D:8      | Reached XP level 10. HP: 9/54 MP: 18/22
 10074 | D:8      | Found a staircase to the Lair.
 10610 | D:9      | Noticed Grum
 10612 | D:9      | Noticed Webmant's ghost (novice DrTm)
 10890 | D:9      | Gained mutation: You have a pair of small horns on your head. [mutagenic meat]
 10891 | D:9      | Gained mutation: You are partially covered in slimy green scales. (AC +2) [mutagenic meat]
 10892 | D:9      | Gained mutation: You have sharp fingernails. [mutagenic meat]
 10893 | D:9      | Gained mutation: You are covered in fur. (AC +1) [mutagenic meat]
 10894 | D:9      | Gained mutation: You have very sharp fingernails. [mutagenic meat]
 11175 | D:9      | Reached skill level 5 in Charms
 11192 | D:9      | Noticed a two-headed ogre
 11250 | D:9      | Killed a two-headed ogre
 11311 | D:9      | Reached skill level 5 in Necromancy
 11394 | D:9      | Got the cursed robe "Aniwinko" {*Contam +Blink rPois rN++}
 11395 | D:9      | Identified the cursed +1 robe "Aniwinko" {*Contam +Blink rPois rN++} (You found it on level 9 of the Dungeon)
 11401 | D:9      | Noticed Erica
 11419 | D:9      | Killed from afar by Erica

Vault maps used:
D:1:      evilmike_arrival_run_for_it, minmay_pentomino_o4
D:2:      due_unseen_surprise, uniq_natasha, uniq_terence
D:3:      grunt_temple_overflow_holy_war, grunt_dithmenos_smoke
D:4:      makhleb_grotto_becter, first_bread, enter_ossuary_4
D:5:      nicolae_ru_sacrificial_ziggurat, minmay_temple_entry_glassed_door
D:6:      overflow_temple_1_default, serial_shops, nicolae_shop_statue_plus,
          uniq_eustachio, uniq_prince_ribbit1, uniq_grinder, uniq_menkaure
D:8:      kennysheep_mini_moat, grunt_lair_entry_orc_guard_hut, serial_ice,
          serial_ice_k, serial_ice_f, serial_ice_d, serial_ice_o
D:9:      vehumet_crystals, serial_column_ruins, column_ruins_columns_corner,
          column_ruins_grid_3, column_ruins_open_medium,
          column_ruins_open_small, column_ruins_columns_corner, basic_altar,
          uniq_grum, uniq_erica
Temple:   eino_temple_lava
Ossuary:  ossuary_due_pyramid

Skill      XL: |  1  2  3  4  5  6  7  8  9 10 |
---------------+-------------------------------+-----
Short Blades   | 3 4 5 6 7 8 |  8.2
Dodging        | 6 9 |  9.1
Armour         | 5 |  5.5
Shields        | 3 5 |  5.2
Spellcasting   | 7 8 |  8.1
Charms         | 5 |  5.1
Necromancy     | 6 |  6.8
Fighting       | |  2.4

Action                   |  1- 3 |  4- 6 |  7- 9 | 10-12 || total
-------------------------+-------+-------+-------+-------++-------
Melee: Rapier            |   146 |   257 |   476 |    67 ||   946
       Unarmed           |       |       |     3 |       ||     3
       Dagger            |       |       |    19 |   180 ||   199
       Headbutt          |       |       |       |    39 ||    39
 Cast: Regeneration      |       |       |       |     7 ||     7
Invok: Curse Item        |       |       |     1 |       ||     1
Evoke: Wand              |       |       |     5 |       ||     5
  Use: Scroll            |     6 |     7 |     9 |     1 ||    23
       Potion            |     2 |     7 |    14 |     2 ||    25
 Stab: Invisible         |       |     1 |       |       ||     1
  Eat: Chunk             |     1 |     5 |    15 |    10 ||    31
       Fruit             |       |     4 |     5 |     2 ||    11
       Royal jelly       |       |       |     1 |       ||     1
Armor: Scale mail        |    55 |    88 |   102 |    52 ||   297
       Skin              |     4 |     1 |    13 |       ||    18
Dodge: Dodged            |    39 |    51 |   210 |   117 ||   417
Block: Shield            |    46 |    93 |    60 |       ||   199
       Buckler           |       |       |   106 |    57 ||   163
